 Dungeon Crawl Stone Soup version 0.27-a0-1217-g8a41f320e8 (webtiles) character file.

Game seed: 13705105310696314327

121 mandarbmax the Firebug (level 5, -5/42 HPs)
             Began as a Naga Fire Elementalist on June 5, 2021.
             Splashed by a jelly's acid (7 damage)
             ... on level 2 of the Dungeon.
             The game lasted 00:02:59 (1818 turns).

mandarbmax the Firebug (Naga Fire Elementalist)     Turns: 1818, Time: 00:03:00

Health: -5/42      AC: -1    Str: 10    XL:     5   Next: 5%
Magic:  8/8        EV: 10    Int: 17    God:
Gold:   69         SH:  0    Dex: 11    Spells: 7/8 levels left

rFire    + . .     SeeInvis +   e - +0 long sword
rCold    x . .     Faith    .   (no shield)
rNeg     . . .     Spirit   .   a - +0 robe
rPois    +         Reflect  .   (no helmet)
rElec    .         Harm     .   (no cloak)
rCorr    .         Rampage  .   (no gloves)
Will     .....                  (no barding)
Stlth    ++........             (no amulet)
HPRegen  0.14/turn              b - ring of fire
MPRegen  0.11/turn              (no ring)

@: corroded, flying, very slow
A: AC +1, large, see invisible, deformed body, poison resistance, slowness 2,
spit poison 1, naga tail 1
a: Spit Poison


You were on level 2 of the Dungeon.
You visited 1 branch of the dungeon, and saw 2 of its levels.

You collected 69 gold pieces.

Inventory:

Hand Weapons
 e - a +0 long sword (weapon)
Armour
 a - a +0 robe (worn)
Jewellery
 b - a ring of fire (left hand)
Scrolls
 f - 3 scrolls of identify {unknown}
 g - a scroll of enchant weapon {unknown}
 h - a scroll of enchant armour {unknown}
 i - a scroll of teleportation {unknown}
Potions
 c - a potion of invisibility {unknown}
 d - a potion of flight
 j - a potion of haste {unknown}


   Skills:
 - Level 2.0 Dodging
 - Level 3.0 Stealth
 - Level 2.0 Spellcasting
 + Level 3.1 Conjurations
 + Level 4.3 Fire Magic


You had 7 spell levels left.
You knew the following spells:

 Your Spells              Type           Power      Damage    Failure   Level
a - Foxfire               Conj/Fire      84%        2x1d8     4%          1

Your spell library contained the following spells:

 Spells                   Type           Power      Damage    Failure   Level
 Conjure Flame            Conj/Fire      21%        6-21      12%         3
 Inner Flame              Hex/Fire       13%        N/A       24%         3
 Sticky Flame             Conj/Fire      21%        2d4       38%         4
 Fireball                 Conj/Fire      10%        3d6       75%         5


Dungeon Overview and Level Annotations

Branches:
Dungeon (2/15)

Altars:

Shops:
D:1 ?


Innate Abilities, Weirdness & Mutations

Your serpentine skin is tough. (AC +1)
You have supernaturally acute eyesight. (SInv)
Armour fits poorly on your strangely shaped body.
Your system is resistant to poisons. (rPois)
You cover ground very slowly.
You can spit poison.
You have a snake-like lower body.


Message History

A kobold comes into view. It is wielding a +0 dagger.
You feel a surge of power!
You conjure some foxfire!
Your foxfire dissipates!
The kobold shouts!
The kobold throws a stone.
The stone hits you.
You hear a distant slurping noise.
The door mysteriously vanishes.
A jelly comes into view.
The kobold misses you. The kobold barely misses you.
The jelly quivers.
You hit the kobold.
The kobold is severely wounded.
The kobold hits you with a +0 dagger.
You miss the kobold.
The kobold is severely wounded.
The kobold barely misses you.
You slash the kobold!
You kill the kobold!
The jelly hits you but does no damage.
You hit the jelly but do no damage.
Your hands burn!
The jelly hits you.
You are splashed with acid.
You slash the jelly! The acid corrodes you!
Your hands burn!
The jelly is moderately wounded.
The jelly barely misses you.
You hit the jelly.
Your hands burn!
The jelly is heavily wounded.
The jelly hits you.
You are splashed with acid!
The jelly hits you.
* * * LOW HITPOINT WARNING * * *
You are splashed with acid!
* * * LOW HITPOINT WARNING * * *
You are too injured to fight recklessly!
You are too injured to fight recklessly!
You are too injured to fight recklessly!
Unknown command.
It was a potion of flight.
You feel very buoyant.
You fly up into the air.
The jelly hits you.
* * * LOW HITPOINT WARNING * * *
You are splashed with acid!
You die...

#.# #.# #.# #.#
#### #.# #..# #.#
### #..##### #.#
#######.##
#..)....
#.###....#v#.#
#....###
#.##.....#.#.#
#....#PP
##.)).....#'#@#
#..#.#P.
#..)).......#J#
#....#.≈
####..'........#.#
###..≈≈.
#.....##.......#.#
##.#P.
......###......##.
#.#PP #.#####
######## # #.#.#
#.# ####.### #.#
#(...... #.#
###.###.##


You could see a jelly.

Vanquished Creatures
  2 orc priests
  An orc wizard (D:2)
  A gnoll (D:1)
  A dart slug (D:1)
  2 orcs (D:2)
  2 giant cockroaches
  2 goblins
  A hobgoblin (D:1)
  2 jackals (D:2)
  8 kobolds
  3 bats (D:1)
  4 rats (D:1)
29 creatures vanquished.

Vanquished Creatures (others)
  80 foxfires
  6 toadstools (D:2)
86 creatures vanquished.

Grand Total: 115 creatures vanquished

Notes
Turn   | Place    | Note
-------+----------+-------------------------------------------
     0 | D:1      | mandarbmax the Naga Fire Elementalist began the quest for
                  | the Orb.
     0 | D:1      | Reached XP level 1. HP: 15/15 MP: 3/3
    33 | D:1      | Found Foshyxza's Magic Scroll Boutique.
   278 | D:1      | Reached XP level 2. HP: 20/22 MP: 0/5
   819 | D:1      | Reached XP level 3. HP: 28/28 MP: 1/6
  1143 | D:1      | Reached skill level 4 in Fire Magic
  1143 | D:1      | Reached XP level 4. HP: 11/36 MP: 3/7
  1591 | D:2      | Reached XP level 5. HP: 42/42 MP: 5/8
  1818 | D:2      | HP: 2/42 [jelly (1)]
  1818 | D:2      | Splashed by a jelly's acid

Illustrated notes

Levels and vault maps discovered:
D:1:      lemuel_arrival_river_passageway, layout_basic, serial_shops, shop
D:2:      cheibrodos_fertilizer, layout_loops_ring,
          shapermc_ecumenical_altar_hornbeckon

Skill      XL: |  1  2  3  4 |
---------------+-------------+-----
Dodging        | 2 |  2.0
Conjurations   | 2 3 |  3.1
Fire Magic     | 4 |  4.3
Stealth        | |  3.0
Spellcasting   | |  2.0

Action                   |  1- 3 |  4- 6 || total
-------------------------+-------+-------++-------
Melee: Long sword        |    12 |     6 ||    18
 Cast: Foxfire           |    31 |    18 ||    49
 Abil: Spit Poison       |     5 |     1 ||     6
  Use: Potion            |       |     1 ||     1
 Stab: Sleeping          |     1 |       ||     1
Armor: Robe              |     4 |     2 ||     6
Dodge: Dodged            |     9 |     5 ||    14
       Rpst.: Long sword |     4 |       ||     4

Table legend: (Time is in decaauts)
 A = Elapsed time spent in this place.
 B = Non-inter-level travel time spent in this place.
 C = Inter-level travel time spent in this place.
 D = Time resting spent in this place.
 E = Time spent auto-exploring this place.
 F = Levels seen in this place.
 G = Mean time per level.
                   A        B        C        D        E       F      G
               +--------+--------+--------+--------+--------+-----+--------+
         Total |   2206 |   2163 |     43 |    341 |   1587 |   2 | 1103.0 |
       Dungeon |   2206 |   2163 |     43 |    341 |   1587 |   2 | 1103.0 |
               +--------+--------+--------+--------+--------+-----+--------+

Top non-repeatable levels by time:
     D:1: 1743 daAuts
     D:2: 462 daAuts
